 Dungeon Crawl Stone Soup version 0.23.2 (webtiles) character file.

Game seed: 12523342148959523333

149 Kinoniko the Chucker (level 5, 0/39 HPs)
             Began as a Demonspawn Hunter on Apr 3, 2019.
             Was an Initiate of Kikubaaqudgha.
             Slain by a big kobold
             ... wielding the +9 short sword "Cuuxacuz" {drain, Str+6}
              (4 damage)
             ... on level 3 of the Dungeon.
             The game lasted 00:11:50 (3035 turns).

Kinoniko the Chucker (Demonspawn Hunter)            Turns: 3035, Time: 00:11:51

Health: 0/39       AC:  5    Str: 12    XL:     5   Next: 9%
Magic:  5/5        EV: 11    Int: 12    God:    Kikubaaqudgha [......]
Gold:   127        SH:  0    Dex: 15    Spells: 4/4 levels left

rFire    . . .     SeeInvis .   q - +0 falchion
rCold    + . .     Gourm    .   (no shield)
rNeg     . . .     Faith    .   b - +0 leather armour
rPois    .         Spirit   .   (helmet restricted)
rElec    .         Reflect  .   (no cloak)
rCorr    .         Harm     .   (no gloves)
MR       .....                  (no boots)
Stlth    +.........             n - amulet of regeneration
HPRegen  0.53/turn              (no ring)
MPRegen  0.09/turn              (no ring)

@: heavily drained
A: horns 1, iridescent scales 1, cold resistance 1, spiny 1
a: Renounce Religion


You were on level 3 of the Dungeon.
You worshipped Kikubaaqudgha.
Kikubaaqudgha was noncommittal.
You were not hungry.

You visited 1 branch of the dungeon, and saw 3 of its levels.

You collected 127 gold pieces.

Inventory:

Hand Weapons
 a - a +0 short sword
 q - a +0 falchion (weapon)
Missiles
 c - 3 javelins (quivered)
 d - 2 throwing nets
Armour
 b - a +0 leather armour (worn)
 l - a cursed +0 ring mail
Jewellery
 n - an amulet of regeneration (around neck)
Wands
 o - a wand of acid (10)
Scrolls
 e - 2 scrolls of teleportation
 g - a scroll of identify
 m - 2 scrolls of remove curse
Potions
 h - a potion of haste
 i - a potion of invisibility {unknown}
 j - 2 potions of curing {unknown}
 k - 3 potions of heal wounds {unknown}
 p - 2 potions of might {unknown}
 r - a potion of resistance {unknown}
Comestibles
 f - a ration


   Skills:
 * Level 2.6(1.4) Fighting
 + Level 2.0(0.8) Short Blades
 * Level 4.2(2.9) Throwing
 * Level 1.7(0.5) Armour
 * Level 2.3(1.1) Dodging
 * Level 1.4(0.2) Stealth


You had 4 spell levels left.
You didn't know any spells.
Your spell library was empty.

Dungeon Overview and Level Annotations

Branches:
Dungeon (3/15)

Altars:
Kikubaaqudgha
Sif Muna

Annotations:
D:3 luab's ghost, amateur GrFi


Innate Abilities, Weirdness & Mutations

You have a pair of small horns on your head.
You are partially covered in iridescent scales. (AC +2)
Your flesh is cold resistant. (rC+)
You are partially covered in sharp spines.


Message History

You are too injured to fight recklessly!
You are too injured to fight recklessly!
You hit the big kobold.
The big kobold is lightly wounded.
The big kobold is struck by your spines.
The big kobold hits you with the +9 short sword "Cuuxacuz" {drain, Str+6}!
* * * LOW HITPOINT WARNING * * *
You feel drained.
You hit the big kobold. Your headbutt misses the big kobold.
The big kobold is moderately wounded.
The big kobold is struck by your spines.
The big kobold hits you with the +9 short sword "Cuuxacuz" {drain, Str+6}.
* * * LOW HITPOINT WARNING * * *
You feel drained.
* * * LOW HITPOINT WARNING * * *
You closely miss the big kobold.
The big kobold is moderately wounded.
The big kobold hits you with the +9 short sword "Cuuxacuz" {drain, Str+6}.
You die...
Kikubaaqudgha rasps: "You have failed me!
Welcome... death!"

.....###...#.##
......##...#.#
##.##.##.†)#.#
%##.###)##.#
...# #.##.# #..#
#.##.# #..#
#.##.#
#.####.K###.##.#
#.....KKK@.#.#.#
##.##'KK##.##..#
###...KK#####.#
#.#...#W###.##
#⌠.#.#.⌠##.##
#.#...#.#.##
##.....##.# .
##.) ##..#
.#########...#


You could see a big kobold, luab's ghost and 7 kobolds.

Vanquished Creatures
  A jelly (D:3)
  A worker ant (D:3)
  An adder (D:2)
  3 worms (D:2)
  3 dart slugs
  4 leopard geckos
  5 orcs (D:3)
  2 giant cockroaches
  4 goblins
  7 hobgoblins
  7 jackals
  A quokka (D:2)
  8 bats
  6 frilled lizards
  5 kobolds
  6 rats
64 creatures vanquished.

Notes
Turn   | Place    | Note
-------+----------+-------------------------------------------
     0 | D:1      | Kinoniko the Demonspawn Hunter began the quest for the Orb.
     0 | D:1      | Reached XP level 1. HP: 16/16 MP: 1/1
   320 | D:1      | Gained mutation: You are partially covered in iridescent
                  | scales. (AC +2) [demonic ancestry]
   320 | D:1      | Reached XP level 2. HP: 22/22 MP: 2/2
   655 | D:1      | Reached skill level 4 in Throwing
   960 | D:1      | Gained mutation: Your flesh is cold resistant. (rC+)
                  | [demonic ancestry]
   960 | D:1      | Reached XP level 3. HP: 27/27 MP: 3/3
  1701 | D:2      | Reached skill level 1 in Stealth
  1750 | D:2      | Found an ancient bone altar of Kikubaaqudgha.
  1755 | D:2      | Became a worshipper of Kikubaaqudgha
  1771 | D:2      | Reached skill level 1 in Short Blades
  2031 | D:2      | HP: 1/28 [worm (8)]
  2331 | D:2      | Reached skill level 1 in Armour
  2511 | D:2      | Gained mutation: You are partially covered in sharp spines.
                  | [demonic ancestry]
  2511 | D:2      | Reached XP level 4. HP: 34/34 MP: 4/4
  2637 | D:2      | Found a deep blue altar of Sif Muna.
  2889 | D:3      | Gained mutation: You have a pair of small horns on your
                  | head. [demonic ancestry]
  2889 | D:3      | Reached XP level 5. HP: 39/39 MP: 5/5
  2983 | D:3      | Found a runed translucent gate.
  2983 | D:3      | Found a runed translucent gate.
  2983 | D:3      | Found a runed translucent gate.
  2983 | D:3      | Noticed luab's ghost (amateur GrFi)
  2983 | D:3      | Identified the +9 short sword "Cuuxacuz" {drain, Str+6}
  3035 | D:3      | Slain by a big kobold

Skill      XL: |  1  2  3  4  5 |
---------------+----------------+-----
Dodging        | 2 |  2.3
Throwing       | 4 |  4.2
Stealth        | 1 |  1.4
Short Blades   | 1 2 |  2.0
Armour         | 1 |  1.7
Fighting       | |  2.6

Action                   |  1- 3 |  4- 6 || total
-------------------------+-------+-------++-------
Melee: Short sword       |   155 |    28 ||   183
       Falchion          |       |    17 ||    17
       Headbutt          |       |     2 ||     2
Throw: Javelin           |    32 |     3 ||    35
  Use: Scroll            |     6 |       ||     6
 Stab: Sleeping          |     2 |     2 ||     4
  Eat: Ration            |     2 |       ||     2
Armor: Leather armour    |    49 |    10 ||    59
Dodge: Dodged            |   106 |    17 ||   123
       Rpst.: Falchion   |       |     1 ||     1
